 Dungeon Crawl Stone Soup version 0.26-a0-215-g1b87330c0f (webtiles) character file.

Game seed: 13805394512626164464

232 BritishOli the Slasher (level 5, 0/41 HPs)
             Began as a Demonspawn Gladiator on July 6, 2020.
             Was an Initiate of Okawaru.
             Slain by an iguana (12 damage)
             ... on level 4 of the Dungeon.
             The game lasted 00:03:19 (3251 turns).

BritishOli the Slasher (Demonspawn Gladiator)       Turns: 3251, Time: 00:03:19

Health: 0/41       AC:  4    Str: 16    XL:     5   Next: 73%
Magic:  5/5        EV: 13    Int:  9    God:    Okawaru [......]
Gold:   114        SH:  0    Dex: 14    Spells: 4/4 levels left

rFire    . . .     SeeInvis .   a - +0 long sword
rCold    + . .     Faith    .   (no shield)
rNeg     . . .     Spirit   .   p - +0 leather armour (curse)
rPois    .         Reflect  .   c - +0 helmet
rElec    .         Harm     .   (no cloak)
rCorr    .                      (no gloves)
MR       .....                  (no boots)
Stlth    ++........             (no amulet)
HPRegen  0.13/turn              h - ring of ice
MPRegen  0.09/turn              o - ring of protection from fire

@: no status effects
A: nightstalker 1, powered by death 1
a: Renounce Religion


You were on level 4 of the Dungeon.
You worshipped Okawaru.
Okawaru was noncommittal.
You were not hungry.

You visited 1 branch of the dungeon, and saw 4 of its levels.

You collected 114 gold pieces.

Inventory:

Hand Weapons
 a - a +0 long sword (weapon)
Missiles
 d - 3 throwing nets (quivered)
Armour
 b - a +0 leather armour
 c - a +0 helmet (worn)
 p - a cursed +0 leather armour (worn)
Jewellery
 h - a ring of ice (left hand)
 o - a ring of protection from fire (right hand)
 t - an uncursed ring of ice
Scrolls
 e - a scroll of enchant armour
 j - a scroll of noise {unknown}
 k - a scroll of fog {unknown}
 u - a scroll of identify
 v - a scroll of teleportation {unknown}
Potions
 g - 2 potions of degeneration {unknown}
 i - 2 potions of stabbing {unknown}
 l - a potion of cancellation {unknown}
 m - 2 potions of heal wounds {unknown}
 n - a potion of flight {unknown}
 q - a potion of invisibility {unknown}
 r - a potion of resistance {unknown}
 s - 2 potions of curing {unknown}
Comestibles
 f - 2 rations


   Skills:
 + Level 3.1 Fighting
 * Level 4.2 Long Blades
 - Level 2.0 Throwing
 + Level 2.0 Armour
 + Level 3.5 Dodging


You had 4 spell levels left.
You didn't know any spells.
Your spell library was empty.

Dungeon Overview and Level Annotations

Branches:
Dungeon (4/15)
 Temple: D:4-7

Altars:
Elyvilon
Okawaru
Sif Muna
The Shining One


Innate Abilities, Weirdness & Mutations

You are slightly more attuned to the shadows.
You regenerate a little health from kills.


Message History

The iguana is severely wounded.
The iguana bites you.
You closely miss the iguana.
The iguana is severely wounded.
The iguana closely misses you.
You barely miss the iguana.
The iguana is severely wounded.
The iguana misses you.
You riposte.
You hit the iguana.
The iguana is severely wounded.
You hit the iguana but do no damage.
The iguana is severely wounded.
The iguana bites you. The iguana bites you!
You closely miss the iguana.
The iguana is severely wounded.
The iguana bites you.
* * * LOW HITPOINT WARNING * * *
You hit the iguana.
The iguana is almost dead.
The iguana bites you!
You die...

#.## # .....
#. ....##.
...#..
####...###.##
......l.....##
#@### .. #...#
.#
###.##.###..
#..........
.....#.<..###
######....#
#....# #....#
#....#


You could see an iguana.

Vanquished Creatures
  A bullfrog (D:3)
  An orc wizard (D:3)
  4 adders (D:2)
  An ooze (D:3)
  2 worms (D:2)
  4 dart slugs
  4 leopard geckos
  3 orcs (D:3)
  A ball python (D:1)
  13 bats
  4 giant cockroaches
  5 goblins
  3 hobgoblins
  13 jackals
  7 kobolds
  A quokka (D:2)
  5 frilled lizards
  6 rats
78 creatures vanquished.

Notes
Turn   | Place    | Note
-------+----------+-------------------------------------------
     0 | D:1      | BritishOli the Demonspawn Gladiator began the quest for the
                  | Orb.
     0 | D:1      | Reached XP level 1. HP: 16/16 MP: 1/1
    43 | D:1      | Gained mutation: You regenerate a little health from kills.
                  | [demonic ancestry]
    43 | D:1      | Reached XP level 2. HP: 10/22 MP: 2/2
   441 | D:1      | Reached skill level 3 in Long Blades
   488 | D:1      | Gained mutation: You are slightly more attuned to the
                  | shadows. [demonic ancestry]
   488 | D:1      | Reached XP level 3. HP: 24/28 MP: 3/3
  1049 | D:1      | Reached skill level 1 in Armour
  1394 | D:2      | Reached XP level 4. HP: 34/34 MP: 4/4
  2158 | D:3      | Found a shimmering blue altar of Sif Muna.
  2158 | D:3      | Found a white marble altar of Elyvilon.
  2158 | D:3      | Found a glowing golden altar of the Shining One.
  2315 | D:3      | Reached XP level 5. HP: 2/40 MP: 5/5
  2618 | D:3      | Found an iron altar of Okawaru.
  2632 | D:3      | Became a worshipper of Warmaster Okawaru
  2682 | D:3      | Reached skill level 4 in Long Blades
  3251 | D:4      | Slain by an iguana

Illustrated notes

Levels and vault maps discovered:
D:1:      lightli_arrival_windingriver, layout_basic, roderic_lattice_a
D:2:      layout_basic, minmay_tiny_reverse_x
D:3:      layout_basic, old_standard_altar,
          chequers_temple_overflow_statue_of_worship
D:4:      layout_rooms, lemuel_crystal_altar, kennysheep_little_box,
          minmay_temple_entry_ruins, first_ration, st_stairs_7

Skill      XL: |  1  2  3  4  5 |
---------------+----------------+-----
Throwing       | 2 |  2.0
Long Blades    | 3 4 |  4.2
Dodging        | 3 |  3.5
Armour         | 1 2 |  2.0
Fighting       | 3 |  3.1

Action                   |  1- 3 |  4- 6 || total
-------------------------+-------+-------++-------
Melee: Long sword        |    85 |   122 ||   207
  Use: Scroll            |       |     1 ||     1
 Stab: Sleeping          |     8 |     5 ||    13
  Eat: Ration            |     1 |     2 ||     3
Armor: Leather armour    |    41 |    31 ||    72
Dodge: Dodged            |    85 |   107 ||   192
       Rpst.: Long sword |    28 |    34 ||    62

Table legend:
 A = Non-vault XP
 B = Vault XP
 C = Vault XP percentage of total XP
 D = Non-vault monster count
 E = Vault monster count
 F = Vault count percentage of total count
                 A         B        C        D         E       F
            +---------+---------+-------+---------+---------+-------
      Total |     317 |      15 |   4.5 |      76 |       2 |   2.6
            +---------+---------+-------+---------+---------+-------
        D:1 |      56 |       0 |   0.0 |      30 |       0 |   0.0
        D:2 |      75 |      15 |  16.7 |      20 |       2 |   9.1
        D:3 |     186 |       0 |   0.0 |      26 |       0 |   0.0
            +---------+---------+-------+---------+---------+-------
